[ AOE2 MATCH · #463522145 ]
Team RMPortuguese vs Teutons
Player's team · WIN
[ REPLAY ANALYSIS · EXTRACTED FROM THE RECORDED GAME ]
Feudal
11:09
Castle
20:01
Imperial
30:41
| APM avg | 16.9 |
| APM peak | 86 |
| eAPM avg | 14.0 |
| Villagers / military | 73 / 1578 |
Focus
⚔️ 63.8% · 🌾 36.2%
Militia ×520 · Organ Gun ×452 · Spearman ×276 · Battering Ram ×240 · Bombard Cannon ×55 · Trade Cart ×41
Feudal
11:37
Castle
19:18
Imperial
32:46
| APM avg | 27.3 |
| APM peak | 107 |
| eAPM avg | 17.1 |
| Villagers / military | 226 / 2634 |
Focus
⚔️ 67.4% · 🌾 32.6%
Spearman ×2419 · War Elephant ×97 · Hand Cannoneer ×47 · Bombard Cannon ×40 · Mangonel ×23 · Trade Cart ×12
Feudal
14:38
Castle
20:24
Imperial
27:53
| APM avg | 25.4 |
| APM peak | 93 |
| eAPM avg | 13.4 |
| Villagers / military | 81 / 1479 |
Focus
⚔️ 78.3% · 🌾 21.7%
Scout Cavalry ×720 · Camel Scout ×250 · Janissary ×222 · Skirmisher ×151 · Cavalry Archer ×68 · Bombard Cannon ×35
Feudal
12:03
Castle
23:07
Imperial
37:04
| APM avg | 19.8 |
| APM peak | 175 |
| eAPM avg | 15.2 |
| Villagers / military | 124 / 784 |
Focus
⚔️ 47.0% · 🌾 53.0%
Mameluke ×492 · Camel Scout ×199 · Bombard Cannon ×74 · Trade Cart ×29 · Scorpion ×9 · Trebuchet (Packed) ×6
Feudal
9:41
Castle
22:05
Imperial
34:23
| APM avg | 29.6 |
| APM peak | 65 |
| eAPM avg | 18.5 |
| Villagers / military | 164 / 1428 |
Focus
⚔️ 44.3% · 🌾 55.7%
Spearman ×882 · Teutonic Knight ×357 · Mangonel ×82 · Knight ×48 · Scorpion ×23 · Bombard Cannon ×18
Feudal
16:22
Castle
30:02
Imperial
46:50
| APM avg | 26.9 |
| APM peak | 124 |
| eAPM avg | 24.7 |
| Villagers / military | 198 / 1517 |
Focus
⚔️ 51.8% · 🌾 48.2%
Camel Scout ×827 · Armored Elephant ×526 · Ghulam ×84 · Trade Cart ×68 · Bombard Cannon ×26 · Monk ×20
Feudal
19:12
Castle
27:49
Imperial
37:30
| APM avg | 14.9 |
| APM peak | 52 |
| eAPM avg | 13.6 |
| Villagers / military | 170 / 1467 |
Focus
⚔️ 54.0% · 🌾 46.0%
Spearman ×429 · Longbowman ×343 · Scout Cavalry ×340 · Skirmisher ×266 · Trebuchet (Packed) ×63 · Trade Cart ×62
Feudal
—
Castle
—
Imperial
—
| APM avg | 35.3 |
| APM peak | 279 |
| eAPM avg | 31.8 |
| Villagers / military | 108 / 1386 |
Focus
⚔️ 39.2% · 🌾 60.8%
Archer ×738 · Longbowman ×553 · Cavalry Archer ×34 · Mangonel ×28 · Trebuchet (Packed) ×24 · Trade Cart ×16
Match map
Initial resources + every placement click. Lines = walls · curves = elevation contours. ◆ gold · ⬟ stone · ● berries · ✦ relic · ◌ wall gap
Your base· ✓ Closed at 20:01 · 0t walls · fragile
emirinz's base· ✓ Closed at 19:18 · 0t walls · fragile
BogDHy's base· ✓ Closed at 20:24 · 0t walls · no gate
Bud's base· Open — opponent sealed themselves in
İlhan's base· ✓ Closed at 22:05 · 13t walls · no gate
C'è Linea's base· Open — opponent sealed themselves in
pedrollobo's base· ✓ Closed at 27:49 · 94t walls · 2 gate(s)
TotoSenpai95's base· Open — opponent sealed themselves in
Smoothed initial terrain · ◌ = detected wall gap · hover for details
Inputs per minute
— lorenzosantoro700 - - emirinz
Build order — lorenzosantoro700
First 150 of 1354 actions detected
| 0:05 | Build | House |
| 0:06 | Build | House |
| 0:09 | Create | Villager (Male) |
| 0:09 | Create | Villager (Male) |
| 0:09 | Create | Villager (Male) |
| 0:09 | Create | Villager (Male) |
| 0:10 | Create | Villager (Male) |
| 0:10 | Research | Loom |
| 1:30 | Build | Lumber Camp |
| 1:45 | Create | Villager (Male) |
| 2:40 | Create | Villager (Male) |
| 3:12 | Create | Villager (Male) |
| 3:40 | Create | Villager (Male) |
| 3:48 | Build | House |
| 3:49 | Build | House |
| 3:50 | Build | House |
| 3:51 | Build | House |
| 4:02 | Create | Villager (Male) |
| 4:34 | Create | Villager (Male) |
| 5:13 | Create | Villager (Male) |
| 5:13 | Create | Villager (Male) |
| 5:13 | Create | Villager (Male) |
| 6:35 | Create | Villager (Male) |
| 6:35 | Create | Villager (Male) |
| 7:17 | Build | Dock |
| 7:25 | Create | Villager (Male) |
| 7:25 | Create | Villager (Male) |
| 8:39 | Build | Mill |
| 8:59 | Research | Feudal Age |
| 9:44 | Create | Villager (Male) |
| 9:44 | Create | Villager (Male) |
| 10:00 | Build | Mining Camp |
| 10:23 | Create | Villager (Male) |
| 10:23 | Create | Villager (Male) |
| 11:09 | Age | Feudal Age |
| 11:10 | Research | Double-Bit Axe |
| 11:22 | Create | Villager (Male) |
| 11:22 | Create | Villager (Male) |
| 11:31 | Create | Fishing Ship |
| 11:32 | Create | Fishing Ship |
| 11:33 | Research | Tech 906 |
| 11:43 | Build | Farm |
| 11:58 | Create | Villager (Male) |
| 12:03 | Build | Farm |
| 12:24 | Create | Villager (Male) |
| 12:29 | Build | Farm |
| 12:48 | Research | Horse Collar |
| 12:48 | Research | Horse Collar |
| 12:54 | Build | Farm |
| 13:13 | Build | Market |
| 13:33 | Research | Gold Mining |
| 14:14 | Build | Farm |
| 14:20 | Research | Wheelbarrow |
| 14:36 | Build | House |
| 14:38 | Build | House |
| 14:39 | Build | House |
| 14:40 | Build | House |
| 14:42 | Build | House |
| 14:44 | Build | House |
| 15:18 | Create | Villager (Male) |
| 15:18 | Create | Villager (Male) |
| 15:19 | Create | Villager (Male) |
| 15:30 | Build | Blacksmith |
| 15:44 | Build | Farm |
| 15:45 | Build | Farm |
| 16:09 | Build | Farm |
| 16:44 | Build | Mining Camp |
| 17:21 | Research | Castle Age |
| 18:13 | Create | Fishing Ship |
| 18:13 | Create | Fishing Ship |
| 18:14 | Create | Fishing Ship |
| 18:16 | Create | Fishing Ship |
| 18:16 | Create | Fishing Ship |
| 18:21 | Research | Stone Mining |
| 18:43 | Build | House |
| 18:45 | Build | House |
| 18:47 | Build | House |
| 18:49 | Build | House |
| 18:51 | Build | House |
| 18:52 | Build | House |
| 18:54 | Build | House |
| 18:55 | Build | House |
| 18:56 | Build | House |
| 18:58 | Build | House |
| 19:44 | Research | Forging |
| 19:44 | Research | Scale Mail Armor |
| 19:49 | Research | Padded Archer Armor |
| 19:49 | Research | Fletching |
| 20:01 | Age | Castle Age |
| 20:02 | Research | Bow Saw |
| 20:08 | Create | Villager (Male) |
| 20:08 | Create | Villager (Male) |
| 20:08 | Create | Villager (Male) |
| 20:23 | Build | Town Center |
| 20:30 | Research | Gillnets |
| 21:09 | Build | Fish Trap |
| 21:36 | Create | Villager (Male) |
| 21:36 | Create | Villager (Male) |
| 21:37 | Create | Villager (Male) |
| 21:37 | Create | Villager (Male) |
| 21:37 | Create | Villager (Male) |
| 21:37 | Create | Villager (Male) |
| 21:44 | Build | Fish Trap |
| 21:52 | Create | Villager (Male) |
| 22:12 | Build | Fish Trap |
| 22:24 | Build | Fish Trap |
| 22:31 | Build | Fish Trap |
| 22:37 | Build | Fish Trap |
| 22:51 | Create | Villager (Male) |
| 22:51 | Create | Villager (Male) |
| 22:51 | Create | Villager (Male) |
| 22:54 | Create | Villager (Male) |
| 22:54 | Create | Villager (Male) |
| 22:55 | Create | Villager (Male) |
| 23:14 | Build | Fish Trap |
| 23:36 | Build | Castle |
| 23:46 | Build | Mining Camp |
| 24:01 | Build | Monastery |
| 24:10 | Build | University |
| 24:18 | Build | University |
| 24:26 | Build | Mining Camp |
| 24:33 | Create | Villager (Male) |
| 24:33 | Create | Villager (Male) |
| 24:33 | Create | Villager (Male) |
| 24:34 | Create | Villager (Male) |
| 24:34 | Create | Villager (Male) |
| 24:39 | Create | Villager (Male) |
| 24:41 | Create | Villager (Male) |
| 24:41 | Create | Villager (Male) |
| 24:52 | Build | Fish Trap |
| 25:16 | Build | House |
| 25:17 | Build | House |
| 25:22 | Build | House |
| 25:23 | Build | House |
| 25:26 | Build | House |
| 25:27 | Build | House |
| 25:28 | Build | House |
| 25:30 | Build | House |
| 25:35 | Build | House |
| 25:36 | Build | House |
| 25:37 | Build | House |
| 25:38 | Build | House |
| 25:40 | Build | House |
| 25:41 | Build | House |
| 25:43 | Build | House |
| 25:44 | Build | House |
| 25:45 | Build | House |
| 25:46 | Build | House |
| 25:47 | Build | House |
| 25:48 | Build | House |
Build order — emirinz
First 150 of 1274 actions detected
| 0:11 | Build | House |
| 0:17 | Build | House |
| 0:18 | Build | House |
| 0:20 | Build | House |
| 0:22 | Build | House |
| 0:27 | Create | Villager (Male) |
| 0:28 | Create | Villager (Male) |
| 0:28 | Create | Villager (Male) |
| 0:28 | Create | Villager (Male) |
| 0:28 | Create | Villager (Male) |
| 0:28 | Create | Villager (Male) |
| 0:29 | Create | Villager (Male) |
| 2:17 | Create | Villager (Male) |
| 2:18 | Create | Villager (Male) |
| 2:50 | Create | Villager (Male) |
| 2:51 | Create | Villager (Male) |
| 3:21 | Create | Villager (Male) |
| 3:21 | Create | Villager (Male) |
| 3:21 | Create | Villager (Male) |
| 3:21 | Create | Villager (Male) |
| 3:40 | Build | Lumber Camp |
| 3:56 | Create | Villager (Male) |
| 3:57 | Create | Villager (Male) |
| 4:10 | Create | Villager (Male) |
| 4:10 | Create | Villager (Male) |
| 4:53 | Create | Villager (Male) |
| 4:53 | Create | Villager (Male) |
| 4:53 | Create | Villager (Male) |
| 5:24 | Create | Villager (Male) |
| 5:25 | Create | Villager (Male) |
| 5:58 | Build | Mill |
| 6:18 | Create | Villager (Male) |
| 6:18 | Create | Villager (Male) |
| 7:13 | Create | Villager (Male) |
| 7:13 | Create | Villager (Male) |
| 8:40 | Research | Loom |
| 9:33 | Research | Feudal Age |
| 9:45 | Build | Lumber Camp |
| 11:37 | Age | Feudal Age |
| 11:45 | Create | Villager (Male) |
| 11:45 | Create | Villager (Male) |
| 11:45 | Create | Villager (Male) |
| 11:45 | Create | Villager (Male) |
| 11:46 | Create | Villager (Male) |
| 11:46 | Create | Villager (Male) |
| 11:46 | Create | Villager (Male) |
| 12:20 | Build | Mining Camp |
| 13:10 | Build | House |
| 13:11 | Build | House |
| 13:13 | Build | House |
| 13:14 | Build | House |
| 13:15 | Build | House |
| 13:16 | Build | House |
| 13:17 | Build | House |
| 13:53 | Build | Market |
| 14:09 | Build | Blacksmith |
| 14:22 | Create | Villager (Male) |
| 14:22 | Create | Villager (Male) |
| 14:22 | Create | Villager (Male) |
| 14:22 | Create | Villager (Male) |
| 14:46 | Build | Farm |
| 14:48 | Build | Farm |
| 14:49 | Build | Farm |
| 14:51 | Build | Farm |
| 14:52 | Build | Farm |
| 14:55 | Build | Farm |
| 15:02 | Build | Farm |
| 15:03 | Build | Farm |
| 15:50 | Build | Mining Camp |
| 16:00 | Create | Villager (Male) |
| 16:00 | Create | Villager (Male) |
| 16:17 | Build | Farm |
| 16:17 | Build | Farm |
| 16:19 | Build | Farm |
| 16:52 | Research | Castle Age |
| 16:54 | Research | Town Watch |
| 16:55 | Research | Wheelbarrow |
| 17:11 | Research | Horse Collar |
| 17:33 | Research | Double-Bit Axe |
| 18:27 | Build | Barracks |
| 18:50 | Create | Villager (Male) |
| 18:50 | Create | Villager (Male) |
| 18:50 | Create | Villager (Male) |
| 18:51 | Create | Villager (Male) |
| 19:18 | Age | Castle Age |
| 19:43 | Create | Trade Cart |
| 19:43 | Create | Trade Cart |
| 19:43 | Create | Trade Cart |
| 19:51 | Research | Heavy Plow |
| 20:05 | Research | Bow Saw |
| 20:42 | Build | Castle |
| 20:49 | Build | Lumber Camp |
| 20:57 | Research | Stone Mining |
| 21:39 | Build | Monastery |
| 21:50 | Create | Villager (Male) |
| 21:50 | Create | Villager (Male) |
| 21:50 | Create | Villager (Male) |
| 21:50 | Create | Villager (Male) |
| 21:50 | Create | Villager (Male) |
| 21:50 | Create | Villager (Male) |
| 21:51 | Create | Villager (Male) |
| 21:51 | Create | Villager (Male) |
| 21:52 | Create | Villager (Male) |
| 22:54 | Build | University |
| 23:12 | Create | Villager (Male) |
| 23:12 | Create | Villager (Male) |
| 23:12 | Create | Villager (Male) |
| 23:13 | Create | Villager (Male) |
| 23:22 | Research | Gold Mining |
| 24:52 | Build | Town Center |
| 25:34 | Create | Monk |
| 25:50 | Research | Pikeman (upgrade) |
| 25:51 | Research | Squires |
| 25:51 | Research | Arson |
| 25:54 | Research | Gambesons |
| 26:10 | Build | Farm |
| 26:11 | Build | Farm |
| 26:12 | Build | Farm |
| 26:24 | Build | Farm |
| 26:25 | Build | Farm |
| 26:49 | Build | Lumber Camp |
| 26:54 | Create | Villager (Male) |
| 26:55 | Create | Villager (Male) |
| 26:55 | Create | Villager (Male) |
| 26:55 | Create | Villager (Male) |
| 26:55 | Create | Villager (Male) |
| 26:55 | Create | Villager (Male) |
| 26:56 | Create | Villager (Male) |
| 27:55 | Build | Farm |
| 27:57 | Build | Farm |
| 28:11 | Build | Farm |
| 28:16 | Build | Mill |
| 28:23 | Build | Farm |
| 28:30 | Build | Farm |
| 28:42 | Build | Farm |
| 28:50 | Build | Farm |
| 29:10 | Build | Farm |
| 29:14 | Build | Farm |
| 29:34 | Build | Farm |
| 30:01 | Research | Imperial Age |
| 30:08 | Create | Villager (Male) |
| 30:09 | Create | Villager (Male) |
| 30:09 | Create | Villager (Male) |
| 30:30 | Create | Villager (Male) |
| 30:30 | Create | Villager (Male) |
| 30:30 | Create | Villager (Male) |
| 30:30 | Create | Villager (Male) |
| 30:30 | Create | Villager (Male) |
| 30:31 | Create | Villager (Male) |
| 30:36 | Create | Villager (Male) |
Build order — BogDHy
First 150 of 1807 actions detected
| 0:04 | Build | House |
| 0:05 | Build | House |
| 0:06 | Build | House |
| 0:12 | Build | House |
| 0:13 | Create | Villager (Male) |
| 0:13 | Create | Villager (Male) |
| 0:13 | Create | Villager (Male) |
| 0:14 | Create | Villager (Male) |
| 1:54 | Create | Villager (Male) |
| 2:33 | Research | Loom |
| 3:01 | Create | Villager (Male) |
| 3:01 | Create | Villager (Male) |
| 3:35 | Create | Villager (Male) |
| 4:18 | Create | Villager (Male) |
| 4:58 | Create | Villager (Male) |
| 4:58 | Create | Villager (Male) |
| 6:05 | Create | Villager (Male) |
| 6:05 | Create | Villager (Male) |
| 6:45 | Create | Villager (Male) |
| 7:28 | Create | Villager (Male) |
| 7:54 | Create | Villager (Male) |
| 7:55 | Create | Villager (Male) |
| 8:58 | Create | Villager (Male) |
| 8:58 | Create | Villager (Male) |
| 9:25 | Build | House |
| 9:26 | Build | House |
| 9:35 | Build | Mining Camp |
| 9:41 | Create | Villager (Male) |
| 9:42 | Create | Villager (Male) |
| 10:01 | Build | Lumber Camp |
| 10:23 | Build | Mill |
| 10:48 | Create | Villager (Male) |
| 10:48 | Create | Villager (Male) |
| 10:50 | Create | Villager (Male) |
| 11:33 | Create | Villager (Male) |
| 11:36 | Research | Feudal Age |
| 12:07 | Build | Mining Camp |
| 14:38 | Age | Feudal Age |
| 14:39 | Research | Horse Collar |
| 14:42 | Build | Farm |
| 14:44 | Build | Farm |
| 14:46 | Build | Farm |
| 14:47 | Build | Farm |
| 14:49 | Build | Farm |
| 14:58 | Create | Villager (Male) |
| 15:23 | Build | Market |
| 15:26 | Build | Blacksmith |
| 15:30 | Build | Farm |
| 15:32 | Create | Villager (Male) |
| 15:59 | Research | Wheelbarrow |
| 16:01 | Build | Farm |
| 16:17 | Build | House |
| 16:19 | Build | House |
| 16:21 | Build | House |
| 16:22 | Build | House |
| 16:51 | Research | Double-Bit Axe |
| 17:19 | Research | Town Watch |
| 17:38 | Research | Castle Age |
| 17:50 | Build | Farm |
| 17:51 | Build | Farm |
| 18:15 | Build | Farm |
| 18:16 | Build | Farm |
| 18:18 | Build | Farm |
| 18:20 | Build | Farm |
| 18:35 | Research | Gold Mining |
| 18:38 | Research | Stone Mining |
| 19:46 | Build | Barracks |
| 20:01 | Create | Villager (Male) |
| 20:02 | Create | Villager (Male) |
| 20:02 | Create | Villager (Male) |
| 20:24 | Age | Castle Age |
| 20:27 | Build | Town Center |
| 20:58 | Build | Farm |
| 21:12 | Build | House |
| 21:18 | Create | Villager (Male) |
| 21:18 | Create | Villager (Male) |
| 22:16 | Build | Monastery |
| 22:21 | Create | Villager (Male) |
| 22:21 | Create | Villager (Male) |
| 22:24 | Create | Villager (Male) |
| 22:25 | Create | Villager (Male) |
| 22:49 | Research | Heavy Plow |
| 22:57 | Build | Farm |
| 23:05 | Create | Monk |
| 23:20 | Build | University |
| 23:23 | Build | Farm |
| 23:24 | Create | Villager (Male) |
| 23:25 | Create | Villager (Male) |
| 23:32 | Create | Villager (Male) |
| 23:32 | Create | Villager (Male) |
| 23:41 | Research | Fervor |
| 23:54 | Build | Farm |
| 24:42 | Build | Farm |
| 24:43 | Research | Imperial Age |
| 24:53 | Research | Treadmill Crane |
| 25:07 | Build | Town Center |
| 25:18 | Research | Gold Shaft Mining |
| 25:27 | Build | House |
| 25:32 | Build | House |
| 25:33 | Build | House |
| 25:34 | Build | House |
| 25:40 | Research | Hand Cart |
| 25:54 | Research | Bow Saw |
| 26:08 | Research | Sanctity |
| 26:12 | Build | Farm |
| 26:18 | Create | Villager (Male) |
| 26:19 | Create | Villager (Male) |
| 26:42 | Research | Caravan |
| 26:58 | Create | Villager (Male) |
| 27:03 | Create | Villager (Male) |
| 27:22 | Build | House |
| 27:28 | Create | Villager (Male) |
| 27:28 | Create | Villager (Male) |
| 27:53 | Create | Villager (Male) |
| 27:53 | Age | Imperial Age |
| 27:54 | Create | Villager (Male) |
| 28:09 | Create | Villager (Male) |
| 28:09 | Create | Villager (Male) |
| 28:09 | Create | Villager (Male) |
| 28:27 | Build | Town Center |
| 28:37 | Build | Farm |
| 28:41 | Research | Two-Man Saw |
| 28:46 | Research | Ballistics |
| 29:02 | Build | Farm |
| 29:06 | Create | Villager (Male) |
| 29:09 | Create | Villager (Male) |
| 29:13 | Create | Villager (Male) |
| 29:33 | Create | Trade Cart |
| 29:33 | Create | Trade Cart |
| 29:34 | Create | Trade Cart |
| 29:37 | Build | Farm |
| 29:57 | Build | Farm |
| 30:05 | Create | Villager (Male) |
| 30:13 | Create | Villager (Male) |
| 30:13 | Create | Villager (Male) |
| 30:18 | Build | Farm |
| 30:21 | Create | Villager (Male) |
| 30:22 | Create | Villager (Male) |
| 30:25 | Research | Town Patrol |
| 30:44 | Research | Murder Holes |
| 30:50 | Build | Farm |
| 31:01 | Create | Villager (Male) |
| 31:01 | Create | Villager (Male) |
| 31:01 | Create | Villager (Male) |
| 31:20 | Build | Stable |
| 31:24 | Build | Farm |
| 31:28 | Create | Villager (Male) |
| 31:28 | Create | Villager (Male) |
| 31:29 | Create | Villager (Male) |
| 31:45 | Create | Villager (Male) |
Build order — Bud
First 150 of 1131 actions detected
| 0:04 | Build | House |
| 0:05 | Build | House |
| 0:08 | Build | House |
| 0:10 | Create | Villager (Male) |
| 0:10 | Create | Villager (Male) |
| 0:10 | Create | Villager (Male) |
| 0:11 | Create | Villager (Male) |
| 0:11 | Create | Villager (Male) |
| 1:50 | Create | Villager (Male) |
| 2:07 | Create | Villager (Male) |
| 2:07 | Create | Villager (Male) |
| 2:42 | Create | Villager (Male) |
| 2:42 | Create | Villager (Male) |
| 2:47 | Create | Villager (Male) |
| 3:40 | Create | Villager (Male) |
| 3:41 | Create | Villager (Male) |
| 3:41 | Create | Villager (Male) |
| 3:55 | Create | Villager (Male) |
| 4:14 | Create | Villager (Male) |
| 4:41 | Create | Villager (Male) |
| 4:41 | Create | Villager (Male) |
| 4:41 | Create | Villager (Male) |
| 5:04 | Build | Mill |
| 6:25 | Create | Villager (Male) |
| 6:25 | Create | Villager (Male) |
| 6:51 | Create | Villager (Male) |
| 6:52 | Create | Villager (Male) |
| 7:10 | Build | House |
| 7:11 | Build | House |
| 7:13 | Build | House |
| 7:13 | Build | House |
| 7:14 | Build | House |
| 7:14 | Build | House |
| 7:47 | Create | Villager (Male) |
| 8:42 | Build | Lumber Camp |
| 8:48 | Create | Villager (Male) |
| 9:37 | Research | Feudal Age |
| 9:38 | Create | Villager (Male) |
| 9:38 | Create | Villager (Male) |
| 9:51 | Build | Mining Camp |
| 10:15 | Build | Farm |
| 10:28 | Build | Farm |
| 10:52 | Build | Farm |
| 10:57 | Build | Farm |
| 11:17 | Build | Farm |
| 11:50 | Create | Villager (Male) |
| 11:51 | Create | Villager (Male) |
| 12:03 | Age | Feudal Age |
| 12:10 | Build | Farm |
| 12:39 | Build | Market |
| 13:04 | Build | Blacksmith |
| 13:21 | Create | Villager (Male) |
| 13:21 | Create | Villager (Male) |
| 13:25 | Research | Double-Bit Axe |
| 13:38 | Build | Farm |
| 13:39 | Build | Farm |
| 14:26 | Build | Barracks |
| 14:43 | Build | House |
| 14:44 | Build | House |
| 14:45 | Build | House |
| 14:52 | Research | Scale Barding Armor |
| 14:55 | Research | Forging |
| 14:59 | Research | Wheelbarrow |
| 15:00 | Create | Villager (Male) |
| 15:01 | Create | Villager (Male) |
| 15:11 | Create | Trade Cart |
| 15:53 | Research | Horse Collar |
| 16:02 | Build | Farm |
| 16:05 | Build | Farm |
| 16:08 | Build | Farm |
| 16:51 | Create | Villager (Male) |
| 16:52 | Create | Villager (Male) |
| 17:31 | Build | Farm |
| 17:45 | Build | Farm |
| 17:49 | Build | Farm |
| 17:57 | Create | Villager (Male) |
| 18:22 | Create | Villager (Male) |
| 18:22 | Create | Villager (Male) |
| 18:23 | Create | Villager (Male) |
| 18:23 | Create | Villager (Male) |
| 18:23 | Create | Villager (Male) |
| 18:37 | Build | Mining Camp |
| 18:42 | Create | Trade Cart |
| 18:42 | Create | Trade Cart |
| 18:42 | Create | Trade Cart |
| 18:42 | Create | Trade Cart |
| 18:44 | Create | Trade Cart |
| 19:49 | Research | Castle Age |
| 20:23 | Research | Stone Mining |
| 20:45 | Build | Farm |
| 21:02 | Build | House |
| 21:03 | Build | House |
| 21:04 | Build | House |
| 21:05 | Build | House |
| 21:06 | Build | House |
| 21:27 | Create | Trade Cart |
| 21:27 | Create | Trade Cart |
| 21:28 | Create | Trade Cart |
| 22:21 | Build | Stable |
| 22:25 | Build | Stable |
| 22:29 | Build | Stable |
| 23:07 | Age | Castle Age |
| 23:13 | Research | Bow Saw |
| 23:20 | Research | Hand Cart |
| 23:21 | Create | Villager (Male) |
| 23:21 | Create | Villager (Male) |
| 23:21 | Create | Villager (Male) |
| 23:55 | Build | Town Center |
| 24:29 | Build | Farm |
| 24:53 | Build | Castle |
| 25:02 | Research | Caravan |
| 25:03 | Create | Trade Cart |
| 25:05 | Create | Trade Cart |
| 25:09 | Create | Villager (Male) |
| 25:10 | Create | Villager (Male) |
| 25:10 | Create | Villager (Male) |
| 25:10 | Create | Villager (Male) |
| 25:10 | Create | Villager (Male) |
| 25:10 | Create | Villager (Male) |
| 25:26 | Create | Villager (Male) |
| 25:26 | Create | Villager (Male) |
| 25:26 | Create | Villager (Male) |
| 25:26 | Create | Villager (Male) |
| 25:45 | Build | Monastery |
| 25:53 | Research | Iron Casting |
| 26:29 | Research | Bloodlines |
| 26:30 | Research | Husbandry |
| 26:36 | Research | Gold Mining |
| 26:52 | Create | Villager (Male) |
| 26:52 | Create | Villager (Male) |
| 27:09 | Build | University |
| 27:11 | Create | Monk |
| 27:12 | Create | Monk |
| 27:22 | Build | Farm |
| 27:27 | Create | Villager (Male) |
| 27:28 | Create | Villager (Male) |
| 27:28 | Create | Villager (Male) |
| 27:38 | Build | Farm |
| 27:53 | Create | Trade Cart |
| 27:53 | Create | Trade Cart |
| 27:54 | Create | Trade Cart |
| 27:54 | Create | Trade Cart |
| 28:04 | Build | Farm |
| 28:17 | Create | Mameluke |
| 28:18 | Create | Mameluke |
| 28:18 | Create | Mameluke |
| 28:18 | Create | Mameluke |
| 28:18 | Create | Mameluke |
| 28:19 | Create | Mameluke |
| 28:33 | Build | Stable |
Build order — İlhan
First 150 of 1264 actions detected
| 0:04 | Create | Villager (Male) |
| 0:04 | Create | Villager (Male) |
| 0:04 | Create | Villager (Male) |
| 0:11 | Build | House |
| 0:13 | Build | House |
| 0:25 | Create | Villager (Male) |
| 0:25 | Create | Villager (Male) |
| 0:37 | Build | Palisade Wall |
| 2:11 | Build | Lumber Camp |
| 2:15 | Create | Villager (Male) |
| 2:26 | Create | Villager (Male) |
| 2:51 | Create | Villager (Male) |
| 3:42 | Create | Villager (Male) |
| 3:42 | Create | Villager (Male) |
| 4:29 | Create | Villager (Male) |
| 4:30 | Create | Villager (Male) |
| 4:30 | Create | Villager (Male) |
| 4:42 | Create | Villager (Male) |
| 5:03 | Create | Villager (Male) |
| 5:13 | Create | Villager (Male) |
| 5:30 | Build | Mill |
| 6:12 | Research | Loom |
| 7:31 | Research | Feudal Age |
| 7:59 | Build | Farm |
| 8:38 | Build | House |
| 8:41 | Build | House |
| 8:45 | Build | House |
| 8:50 | Build | House |
| 8:54 | Build | House |
| 9:41 | Age | Feudal Age |
| 9:49 | Build | Stone Wall |
| 9:58 | Research | Horse Collar |
| 9:59 | Research | Horse Collar |
| 10:06 | Research | Wheelbarrow |
| 10:07 | Create | Villager (Male) |
| 10:07 | Create | Villager (Male) |
| 10:20 | Research | Double-Bit Axe |
| 10:21 | Research | Double-Bit Axe |
| 11:58 | Build | Farm |
| 12:00 | Create | Villager (Male) |
| 12:07 | Build | Farm |
| 12:29 | Build | Farm |
| 13:33 | Build | Farm |
| 13:41 | Build | Farm |
| 13:45 | Build | Farm |
| 13:51 | Build | Farm |
| 13:57 | Build | Farm |
| 14:00 | Create | Villager (Male) |
| 14:01 | Create | Villager (Male) |
| 14:01 | Create | Villager (Male) |
| 14:04 | Create | Villager (Male) |
| 14:04 | Create | Villager (Male) |
| 14:05 | Create | Villager (Male) |
| 14:09 | Build | Farm |
| 15:05 | Create | Villager (Male) |
| 15:35 | Build | Market |
| 15:41 | Create | Villager (Male) |
| 16:24 | Create | Villager (Male) |
| 16:32 | Create | Villager (Male) |
| 16:42 | Build | Farm |
| 16:54 | Build | Blacksmith |
| 17:00 | Build | Mining Camp |
| 17:27 | Create | Villager (Male) |
| 17:42 | Research | Stone Mining |
| 17:53 | Build | Farm |
| 18:24 | Create | Villager (Male) |
| 18:46 | Build | Farm |
| 19:25 | Research | Castle Age |
| 19:43 | Build | House |
| 19:49 | Build | House |
| 19:53 | Build | House |
| 19:57 | Build | House |
| 20:11 | Build | House |
| 21:46 | Create | Villager (Male) |
| 21:46 | Create | Villager (Male) |
| 22:05 | Age | Castle Age |
| 22:12 | Build | Town Center |
| 22:15 | Research | Bow Saw |
| 22:25 | Build | Dock |
| 22:30 | Create | Villager (Male) |
| 22:30 | Create | Villager (Male) |
| 23:22 | Build | Stone Wall |
| 23:31 | Create | Villager (Male) |
| 23:31 | Create | Villager (Male) |
| 23:32 | Create | Villager (Male) |
| 23:32 | Create | Villager (Male) |
| 23:32 | Create | Villager (Male) |
| 23:32 | Create | Villager (Male) |
| 23:40 | Create | Villager (Male) |
| 23:43 | Create | Villager (Male) |
| 23:43 | Create | Villager (Male) |
| 23:44 | Create | Villager (Male) |
| 23:44 | Create | Villager (Male) |
| 23:50 | Research | Stone Shaft Mining |
| 23:59 | Build | House |
| 24:04 | Build | House |
| 24:23 | Build | Gate |
| 24:41 | Build | Mining Camp |
| 24:45 | Research | Gold Mining |
| 25:10 | Research | Heavy Plow |
| 25:16 | Build | Farm |
| 26:02 | Create | Villager (Male) |
| 26:02 | Create | Villager (Male) |
| 26:09 | Create | Villager (Male) |
| 26:09 | Create | Villager (Male) |
| 26:09 | Create | Villager (Male) |
| 26:17 | Build | Farm |
| 26:23 | Build | Farm |
| 26:48 | Build | Town Center |
| 27:44 | Build | Farm |
| 27:51 | Build | Farm |
| 27:53 | Research | Hand Cart |
| 28:06 | Build | Farm |
| 28:21 | Build | Castle |
| 28:24 | Create | Villager (Male) |
| 28:24 | Create | Villager (Male) |
| 28:25 | Create | Villager (Male) |
| 28:25 | Create | Villager (Male) |
| 28:25 | Create | Villager (Male) |
| 28:34 | Build | Farm |
| 28:38 | Build | Farm |
| 28:40 | Create | Villager (Male) |
| 28:41 | Create | Villager (Male) |
| 28:41 | Create | Villager (Male) |
| 28:49 | Create | Villager (Male) |
| 28:49 | Create | Villager (Male) |
| 28:50 | Create | Villager (Male) |
| 28:56 | Build | Mining Camp |
| 29:29 | Build | House |
| 29:31 | Build | House |
| 29:33 | Build | House |
| 29:36 | Build | House |
| 29:39 | Build | House |
| 29:42 | Build | House |
| 29:45 | Build | House |
| 30:01 | Build | Farm |
| 30:22 | Build | Monastery |
| 30:41 | Build | Mining Camp |
| 30:48 | Build | Monastery |
| 30:55 | Build | Farm |
| 31:01 | Build | Farm |
| 31:13 | Research | Imperial Age |
| 31:18 | Build | Farm |
| 31:20 | Create | Villager (Male) |
| 31:20 | Create | Villager (Male) |
| 31:20 | Create | Villager (Male) |
| 31:21 | Create | Villager (Male) |
| 31:29 | Build | Farm |
| 31:42 | Research | Scale Mail Armor |
| 31:46 | Create | Fishing Ship |
Build order — C'è Linea
First 150 of 2128 actions detected
| 0:12 | Research | Loom |
| 0:12 | Create | Villager (Male) |
| 0:12 | Create | Villager (Male) |
| 0:12 | Create | Villager (Male) |
| 0:13 | Create | Villager (Male) |
| 0:24 | Build | Palisade Wall |
| 0:36 | Build | Palisade Wall |
| 1:02 | Build | House |
| 1:04 | Build | House |
| 1:05 | Build | House |
| 1:18 | Build | Palisade Wall |
| 3:59 | Create | Villager (Male) |
| 3:59 | Create | Villager (Male) |
| 4:18 | Build | Palisade Wall |
| 4:45 | Create | Villager (Male) |
| 5:10 | Build | House |
| 5:11 | Build | House |
| 5:13 | Build | House |
| 5:15 | Build | House |
| 5:42 | Build | Palisade Wall |
| 5:43 | Build | Palisade Wall |
| 5:54 | Create | Villager (Male) |
| 5:54 | Create | Villager (Male) |
| 6:47 | Create | Villager (Male) |
| 7:11 | Create | Villager (Male) |
| 7:36 | Create | Villager (Male) |
| 8:12 | Create | Villager (Male) |
| 8:36 | Create | Villager (Male) |
| 9:13 | Build | Mill |
| 9:27 | Create | Villager (Male) |
| 9:27 | Create | Villager (Male) |
| 9:49 | Create | Villager (Male) |
| 10:05 | Create | Villager (Male) |
| 11:01 | Create | Villager (Male) |
| 11:01 | Create | Villager (Male) |
| 11:03 | Create | Villager (Male) |
| 11:43 | Build | Lumber Camp |
| 11:54 | Create | Villager (Male) |
| 12:16 | Build | Farm |
| 13:22 | Create | Villager (Male) |
| 13:22 | Create | Villager (Male) |
| 13:52 | Research | Feudal Age |
| 14:06 | Build | Mining Camp |
| 14:33 | Build | Mining Camp |
| 14:55 | Create | Villager (Male) |
| 14:55 | Create | Villager (Male) |
| 14:55 | Create | Villager (Male) |
| 14:55 | Create | Villager (Male) |
| 16:22 | Age | Feudal Age |
| 16:34 | Build | Palisade Gate |
| 17:04 | Build | Watch Tower |
| 17:24 | Build | Stone Wall |
| 17:28 | Build | Gate |
| 17:41 | Build | Stone Wall |
| 17:45 | Build | Gate |
| 17:58 | Build | Farm |
| 18:03 | Research | Double-Bit Axe |
| 18:08 | Research | Wheelbarrow |
| 18:09 | Create | Villager (Male) |
| 18:10 | Research | Town Watch |
| 18:11 | Create | Villager (Male) |
| 18:14 | Create | Villager (Male) |
| 18:14 | Create | Villager (Male) |
| 18:14 | Create | Villager (Male) |
| 18:14 | Create | Villager (Male) |
| 19:04 | Research | Horse Collar |
| 19:10 | Create | Villager (Male) |
| 19:11 | Create | Villager (Male) |
| 19:11 | Create | Villager (Male) |
| 19:31 | Build | Market |
| 20:07 | Build | Dock |
| 20:24 | Research | Stone Mining |
| 21:20 | Create | Trade Cart |
| 21:20 | Create | Trade Cart |
| 21:37 | Create | Fishing Ship |
| 21:56 | Research | Gold Mining |
| 22:10 | Research | Tech 906 |
| 22:28 | Create | Fishing Ship |
| 22:42 | Build | House |
| 22:44 | Build | House |
| 22:49 | Build | House |
| 22:50 | Build | House |
| 22:51 | Build | House |
| 23:10 | Build | Farm |
| 23:15 | Create | Fishing Ship |
| 23:27 | Build | Farm |
| 23:48 | Build | Mining Camp |
| 24:04 | Create | Fishing Ship |
| 24:08 | Create | Villager (Male) |
| 24:08 | Create | Villager (Male) |
| 24:09 | Create | Villager (Male) |
| 24:09 | Create | Villager (Male) |
| 24:09 | Create | Villager (Male) |
| 24:09 | Create | Villager (Male) |
| 24:10 | Create | Villager (Male) |
| 24:24 | Build | Blacksmith |
| 24:55 | Create | Fishing Ship |
| 25:03 | Build | Farm |
| 25:04 | Build | Farm |
| 25:13 | Build | Farm |
| 25:37 | Build | Farm |
| 25:55 | Create | Trade Cart |
| 26:22 | Build | Farm |
| 26:56 | Build | Farm |
| 26:57 | Build | Farm |
| 27:08 | Build | Farm |
| 27:22 | Research | Castle Age |
| 27:51 | Build | Barracks |
| 28:01 | Research | Forging |
| 28:14 | Research | Fletching |
| 28:33 | Research | Scale Barding Armor |
| 28:58 | Create | Villager (Male) |
| 28:59 | Create | Villager (Male) |
| 29:08 | Create | Trade Cart |
| 29:09 | Create | Trade Cart |
| 29:09 | Create | Trade Cart |
| 29:14 | Create | Trade Cart |
| 29:22 | Research | Padded Archer Armor |
| 29:26 | Research | Scale Mail Armor |
| 29:41 | Build | Fish Trap |
| 29:48 | Build | Fish Trap |
| 30:02 | Age | Castle Age |
| 30:14 | Build | Castle |
| 30:17 | Build | Castle |
| 30:35 | Build | Mining Camp |
| 30:47 | Build | Fish Trap |
| 30:52 | Build | Fish Trap |
| 30:58 | Create | Villager (Male) |
| 30:58 | Create | Villager (Male) |
| 30:58 | Create | Villager (Male) |
| 30:59 | Create | Villager (Male) |
| 30:59 | Create | Villager (Male) |
| 30:59 | Create | Villager (Male) |
| 31:00 | Create | Villager (Male) |
| 31:00 | Create | Villager (Male) |
| 31:00 | Create | Villager (Male) |
| 31:16 | Build | Fish Trap |
| 31:19 | Research | Town Patrol |
| 31:38 | Research | Bow Saw |
| 32:13 | Build | Monastery |
| 32:37 | Create | Ghulam |
| 32:37 | Create | Ghulam |
| 32:38 | Create | Ghulam |
| 33:23 | Research | Caravan |
| 33:23 | Research | Coinage |
| 33:41 | Build | Town Center |
| 33:53 | Create | Monk |
| 34:01 | Research | Heavy Plow |
| 34:03 | Research | Gold Shaft Mining |
| 34:12 | Create | Villager (Male) |
Build order — pedrollobo
First 150 of 1296 actions detected
| 0:10 | Build | House |
| 0:11 | Build | House |
| 0:12 | Build | House |
| 0:30 | Create | Villager (Male) |
| 0:30 | Create | Villager (Male) |
| 0:30 | Create | Villager (Male) |
| 0:31 | Create | Villager (Male) |
| 0:36 | Research | Loom |
| 0:37 | Create | Villager (Male) |
| 0:37 | Create | Villager (Male) |
| 0:37 | Create | Villager (Male) |
| 0:37 | Create | Villager (Male) |
| 1:28 | Build | Palisade Wall |
| 2:14 | Build | Palisade Wall |
| 3:17 | Build | Palisade Wall |
| 3:21 | Build | Palisade Wall |
| 3:23 | Build | Palisade Wall |
| 3:28 | Build | Palisade Wall |
| 3:29 | Build | Palisade Wall |
| 3:57 | Create | Villager (Male) |
| 4:39 | Create | Villager (Male) |
| 5:47 | Create | Villager (Male) |
| 5:47 | Create | Villager (Male) |
| 6:06 | Create | Villager (Male) |
| 6:32 | Create | Villager (Male) |
| 6:33 | Create | Villager (Male) |
| 7:02 | Create | Villager (Male) |
| 7:52 | Create | Villager (Male) |
| 8:03 | Create | Villager (Male) |
| 8:19 | Create | Villager (Male) |
| 9:20 | Build | House |
| 9:21 | Build | House |
| 9:22 | Build | House |
| 9:26 | Build | House |
| 9:39 | Create | Villager (Male) |
| 9:39 | Create | Villager (Male) |
| 9:48 | Build | House |
| 9:49 | Build | House |
| 9:50 | Build | House |
| 9:51 | Build | House |
| 10:13 | Build | Dock |
| 10:36 | Create | Villager (Male) |
| 10:36 | Create | Villager (Male) |
| 10:38 | Create | Villager (Male) |
| 11:31 | Build | Lumber Camp |
| 11:45 | Build | Mill |
| 11:47 | Create | Villager (Male) |
| 11:48 | Create | Villager (Male) |
| 13:05 | Create | Fishing Ship |
| 13:09 | Create | Fishing Ship |
| 13:48 | Build | Mining Camp |
| 13:50 | Create | Villager (Male) |
| 13:50 | Create | Villager (Male) |
| 13:55 | Create | Villager (Male) |
| 14:36 | Create | Villager (Male) |
| 14:51 | Create | Villager (Male) |
| 14:59 | Create | Fishing Ship |
| 14:59 | Create | Fishing Ship |
| 15:28 | Build | Mining Camp |
| 15:31 | Create | Villager (Male) |
| 16:43 | Build | Farm |
| 16:44 | Build | Farm |
| 16:45 | Build | Farm |
| 16:46 | Build | Farm |
| 16:48 | Build | Farm |
| 16:49 | Build | Farm |
| 16:51 | Build | Farm |
| 16:52 | Build | Farm |
| 17:00 | Build | Farm |
| 17:02 | Research | Feudal Age |
| 18:02 | Create | Villager (Male) |
| 18:02 | Create | Villager (Male) |
| 18:29 | Build | Barracks |
| 18:47 | Create | Villager (Male) |
| 18:48 | Create | Villager (Male) |
| 19:12 | Age | Feudal Age |
| 19:17 | Build | Blacksmith |
| 19:31 | Build | Market |
| 19:36 | Create | Villager (Male) |
| 19:37 | Create | Villager (Male) |
| 19:38 | Research | Town Watch |
| 19:58 | Research | Wheelbarrow |
| 20:16 | Build | Stone Wall |
| 20:19 | Build | Stone Wall |
| 20:19 | Build | Stone Wall |
| 20:21 | Build | Stone Wall |
| 20:35 | Research | Man-at-Arms (upgrade) |
| 20:35 | Create | Militia |
| 20:36 | Create | Militia |
| 20:36 | Create | Militia |
| 20:36 | Create | Militia |
| 20:36 | Create | Militia |
| 20:48 | Build | Stone Wall |
| 20:50 | Build | Stone Wall |
| 21:29 | Build | House |
| 21:31 | Build | House |
| 21:32 | Build | House |
| 21:34 | Build | House |
| 21:37 | Create | Villager (Male) |
| 21:37 | Create | Villager (Male) |
| 21:37 | Create | Villager (Male) |
| 21:42 | Build | Farm |
| 21:44 | Build | Farm |
| 21:46 | Build | Farm |
| 21:48 | Build | Farm |
| 21:50 | Build | Farm |
| 21:53 | Build | Farm |
| 22:35 | Research | Gold Mining |
| 22:37 | Research | Stone Mining |
| 22:41 | Research | Horse Collar |
| 22:47 | Research | Double-Bit Axe |
| 22:52 | Create | Villager (Male) |
| 22:52 | Create | Villager (Male) |
| 23:58 | Create | Villager (Male) |
| 23:58 | Create | Villager (Male) |
| 24:04 | Build | Fish Trap |
| 24:06 | Build | Fish Trap |
| 24:09 | Build | Fish Trap |
| 24:11 | Build | Fish Trap |
| 24:49 | Build | House |
| 24:50 | Build | House |
| 24:51 | Build | House |
| 24:53 | Build | House |
| 24:56 | Build | House |
| 24:58 | Build | House |
| 25:03 | Create | Villager (Male) |
| 25:04 | Research | Castle Age |
| 25:12 | Create | Trade Cart |
| 25:12 | Create | Trade Cart |
| 25:39 | Build | Gate |
| 26:35 | Build | Stone Wall |
| 26:39 | Build | Gate |
| 26:53 | Create | Villager (Male) |
| 26:53 | Create | Villager (Male) |
| 26:53 | Create | Villager (Male) |
| 27:22 | Build | House |
| 27:39 | Create | Villager (Male) |
| 27:39 | Create | Villager (Male) |
| 27:49 | Age | Castle Age |
| 27:54 | Build | Town Center |
| 28:16 | Build | Town Center |
| 28:27 | Create | Villager (Male) |
| 28:27 | Create | Villager (Male) |
| 28:28 | Create | Villager (Male) |
| 28:28 | Create | Villager (Male) |
| 28:28 | Create | Villager (Male) |
| 28:35 | Research | Hand Cart |
| 28:44 | Create | Villager (Male) |
| 28:44 | Create | Villager (Male) |
| 28:54 | Create | Trade Cart |
Build order — TotoSenpai95
First 150 of 1688 actions detected
| 0:08 | Create | Villager (Male) |
| 0:09 | Create | Villager (Male) |
| 0:40 | Build | House |
| 0:40 | Build | House |
| 1:17 | Create | Villager (Male) |
| 1:18 | Research | Loom |
| 1:39 | Build | Lumber Camp |
| 1:43 | Create | Villager (Male) |
| 2:33 | Create | Villager (Male) |
| 4:25 | Create | Villager (Male) |
| 4:25 | Create | Villager (Male) |
| 4:26 | Create | Villager (Male) |
| 4:26 | Create | Villager (Male) |
| 4:26 | Create | Villager (Male) |
| 5:06 | Create | Villager (Male) |
| 5:07 | Create | Villager (Male) |
| 6:24 | Create | Villager (Male) |
| 6:52 | Build | Mining Camp |
| 7:03 | Build | House |
| 7:04 | Build | House |
| 7:36 | Build | Mill |
| 9:40 | Research | Feudal Age |
| 10:44 | Create | Villager (Male) |
| 10:44 | Create | Villager (Male) |
| 10:44 | Create | Villager (Male) |
| 10:44 | Create | Villager (Male) |
| 11:53 | Research | Double-Bit Axe |
| 12:37 | Research | Horse Collar |
| 12:55 | Build | Market |
| 13:18 | Build | Blacksmith |
| 13:24 | Create | Villager (Male) |
| 13:25 | Create | Villager (Male) |
| 13:37 | Build | Farm |
| 13:50 | Research | Gold Mining |
| 14:02 | Build | Farm |
| 14:24 | Build | House |
| 14:25 | Build | House |
| 14:27 | Build | House |
| 14:44 | Create | Trade Cart |
| 14:45 | Create | Trade Cart |
| 14:55 | Build | Farm |
| 15:01 | Create | Villager (Male) |
| 15:01 | Create | Villager (Male) |
| 15:01 | Create | Villager (Male) |
| 15:24 | Build | Barracks |
| 15:39 | Create | Villager (Male) |
| 15:40 | Create | Villager (Male) |
| 15:50 | Build | Farm |
| 16:18 | Build | Farm |
| 16:33 | Build | Farm |
| 17:47 | Build | Archery Range |
| 18:08 | Build | Farm |
| 18:17 | Research | Wheelbarrow |
| 18:17 | Create | Villager (Male) |
| 18:18 | Create | Villager (Male) |
| 18:18 | Create | Villager (Male) |
| 18:18 | Create | Villager (Male) |
| 18:45 | Build | Farm |
| 19:41 | Create | Trade Cart |
| 19:59 | Build | Market |
| 20:16 | Build | Mining Camp |
| 20:19 | Create | Villager (Male) |
| 20:19 | Create | Villager (Male) |
| 20:37 | Build | Farm |
| 21:27 | Create | Villager (Male) |
| 21:27 | Create | Villager (Male) |
| 21:27 | Create | Villager (Male) |
| 21:27 | Create | Villager (Male) |
| 21:28 | Create | Villager (Male) |
| 21:46 | Build | Archery Range |
| 22:12 | Research | Castle Age |
| 22:22 | Build | House |
| 22:24 | Build | House |
| 22:25 | Build | House |
| 22:38 | Research | Padded Archer Armor |
| 22:49 | Build | Farm |
| 22:58 | Build | Mining Camp |
| 23:50 | Create | Trade Cart |
| 23:51 | Create | Trade Cart |
| 24:00 | Research | Stone Mining |
| 24:14 | Build | Farm |
| 24:37 | Build | Mining Camp |
| 25:00 | Build | Market |
| 25:22 | Create | Villager (Male) |
| 25:23 | Create | Villager (Male) |
| 25:27 | Create | Trade Cart |
| 25:27 | Create | Trade Cart |
| 25:29 | Create | Trade Cart |
| 25:30 | Create | Trade Cart |
| 25:52 | Build | Farm |
| 26:48 | Build | Stone Wall |
| 26:54 | Build | Gate |
| 27:09 | Research | Gold Shaft Mining |
| 27:25 | Build | Town Center |
| 27:36 | Create | Villager (Male) |
| 27:37 | Create | Villager (Male) |
| 27:37 | Create | Villager (Male) |
| 27:37 | Create | Villager (Male) |
| 27:54 | Research | Hand Cart |
| 28:26 | Create | Trade Cart |
| 28:26 | Create | Trade Cart |
| 28:27 | Research | Caravan |
| 28:34 | Research | Caravan |
| 28:42 | Build | Farm |
| 29:05 | Build | Mining Camp |
| 29:38 | Research | Bow Saw |
| 29:58 | Create | Villager (Male) |
| 29:59 | Create | Villager (Male) |
| 29:59 | Create | Villager (Male) |
| 29:59 | Create | Villager (Male) |
| 29:59 | Create | Villager (Male) |
| 30:00 | Create | Villager (Male) |
| 30:00 | Create | Villager (Male) |
| 30:00 | Create | Villager (Male) |
| 30:00 | Create | Villager (Male) |
| 30:00 | Create | Villager (Male) |
| 30:16 | Build | Farm |
| 30:38 | Build | Mill |
| 30:50 | Research | Crossbowman (upgrade) |
| 30:50 | Create | Archer |
| 30:51 | Create | Archer |
| 30:51 | Create | Archer |
| 30:51 | Create | Archer |
| 30:51 | Create | Archer |
| 31:34 | Build | Farm |
| 31:49 | Build | Farm |
| 32:00 | Build | House |
| 32:01 | Build | House |
| 32:02 | Build | House |
| 32:03 | Build | House |
| 32:04 | Build | House |
| 32:14 | Create | Villager (Male) |
| 32:14 | Create | Villager (Male) |
| 32:14 | Create | Villager (Male) |
| 32:52 | Build | Castle |
| 33:06 | Create | Villager (Male) |
| 33:06 | Create | Villager (Male) |
| 33:06 | Create | Villager (Male) |
| 33:07 | Create | Villager (Male) |
| 33:07 | Create | Villager (Male) |
| 33:07 | Create | Villager (Male) |
| 33:11 | Create | Trade Cart |
| 33:13 | Create | Trade Cart |
| 33:16 | Create | Trade Cart |
| 33:34 | Build | Mining Camp |
| 33:44 | Build | Monastery |
| 33:56 | Research | Heavy Plow |
| 34:16 | Build | University |
| 34:45 | Create | Monk |
| 34:50 | Create | Villager (Male) |
Match timeline
| 0:24 | C'è Linea · wall_segment Palisade Wall x14 |
| 0:36 | C'è Linea · wall_segment Palisade Wall x15 |
| 0:37 | İlhan · wall_segment Palisade Wall x6 |
| 1:18 | C'è Linea · wall_segment Palisade Wall x10 |
| 1:28 | pedrollobo · wall_segment Palisade Wall x11 |
| 2:14 | pedrollobo · wall_segment Palisade Wall x12 |
| 3:17 | pedrollobo · wall_segment Palisade Wall x1 |
| 3:21 | pedrollobo · wall_segment Palisade Wall x1 |
| 3:23 | pedrollobo · wall_segment Palisade Wall x3 |
| 3:28 | pedrollobo · wall_segment Palisade Wall x1 |
| 3:29 | pedrollobo · wall_segment Palisade Wall x2 |
| 4:18 | C'è Linea · wall_segment Palisade Wall x14 |
| 5:42 | C'è Linea · wall_segment Palisade Wall x1 |
| 5:43 | C'è Linea · wall_segment Palisade Wall x1 |
| 7:17 | lorenzosantoro700 · first_building Dock |
| 9:41 | İlhan · age_up feudal |
| 9:49 | İlhan · wall_segment Stone Wall x7 |
| 10:13 | pedrollobo · first_building Dock |
| 11:09 | lorenzosantoro700 · age_up feudal |
| 11:37 | emirinz · age_up feudal |
| 12:03 | Bud · age_up feudal |
| 14:26 | Bud · first_building Barracks |
| 14:38 | BogDHy · age_up feudal |
| 15:24 | TotoSenpai95 · first_building Barracks |
| 16:22 | C'è Linea · age_up feudal |
| 16:31 | lorenzosantoro700 · first_market_buy 100 food |
| 17:24 | C'è Linea · wall_segment Stone Wall x15 |
| 17:41 | C'è Linea · wall_segment Stone Wall x19 |
| 17:47 | TotoSenpai95 · first_building Archery Range |
| 18:27 | emirinz · first_building Barracks |
| 18:29 | pedrollobo · first_building Barracks |
| 18:31 | İlhan · first_market_sell 100 wood |
| 19:12 | pedrollobo · age_up feudal |
| 19:18 | emirinz · age_up castle |
| 19:46 | BogDHy · first_building Barracks |
| 20:01 | lorenzosantoro700 · age_up castle |
| 20:07 | C'è Linea · first_building Dock |
| 20:16 | pedrollobo · wall_segment Stone Wall x14 |
| 20:19 | pedrollobo · wall_segment Stone Wall x13 |
| 20:19 | pedrollobo · wall_segment Stone Wall x1 |
| 20:21 | pedrollobo · wall_segment Stone Wall x16 |
| 20:24 | BogDHy · age_up castle |
| 20:42 | emirinz · first_building Castle |
| 20:48 | pedrollobo · wall_segment Stone Wall x15 |
| 20:50 | pedrollobo · wall_segment Stone Wall x8 |
| 21:39 | emirinz · first_building Monastery |
| 22:05 | İlhan · age_up castle |
| 22:07 | TotoSenpai95 · first_market_buy 100 food |
| 22:16 | BogDHy · first_building Monastery |
| 22:21 | Bud · first_building Stable |
| 22:25 | İlhan · first_building Dock |
| 23:07 | Bud · age_up castle |
| 23:22 | İlhan · wall_segment Stone Wall x8 |
| 23:36 | lorenzosantoro700 · first_building Castle |
| 24:01 | lorenzosantoro700 · first_building Monastery |
| 24:53 | Bud · first_building Castle |
| 25:45 | Bud · first_building Monastery |
| 26:35 | pedrollobo · wall_segment Stone Wall x11 |
| 26:48 | TotoSenpai95 · wall_segment Stone Wall x16 |
| 27:24 | lorenzosantoro700 · first_market_sell 100 wood |
| 27:49 | pedrollobo · age_up castle |
| 27:51 | C'è Linea · first_building Barracks |
| 27:53 | BogDHy · age_up imperial |
| 28:21 | İlhan · first_building Castle |
| 28:59 | lorenzosantoro700 · first_building Barracks |
| 29:09 | Bud · first_building Siege Workshop |
| 30:02 | C'è Linea · age_up castle |
| 30:14 | C'è Linea · first_building Castle |
| 30:22 | İlhan · first_building Monastery |
| 30:41 | lorenzosantoro700 · age_up imperial |
| 31:20 | BogDHy · first_building Stable |
| 31:20 | lorenzosantoro700 · first_building Siege Workshop |
| 31:29 | pedrollobo · first_building Castle |
| 31:40 | pedrollobo · first_building Monastery |
| 32:13 | C'è Linea · first_building Monastery |
| 32:19 | pedrollobo · wall_segment Stone Wall x3 |
| 32:46 | emirinz · age_up imperial |
| 32:52 | TotoSenpai95 · first_building Castle |
| 32:59 | BogDHy · first_building Castle |
| 33:01 | İlhan · first_building Siege Workshop |
| 33:22 | C'è Linea · first_market_buy 100 stone |
| 33:32 | Bud · first_building Archery Range |
| 33:44 | TotoSenpai95 · first_building Monastery |
| 34:23 | İlhan · age_up imperial |
| 35:10 | pedrollobo · first_building Stable |
| 35:40 | C'è Linea · first_building Siege Workshop |
| 37:04 | Bud · age_up imperial |
| 37:30 | pedrollobo · age_up imperial |
| 37:45 | emirinz · first_building Siege Workshop |
| 37:55 | İlhan · first_building Barracks |
| 37:56 | emirinz · first_building Archery Range |
| 38:29 | C'è Linea · first_building Stable |
| 40:34 | BogDHy · first_building Archery Range |
| 42:55 | TotoSenpai95 · first_building Siege Workshop |
| 45:56 | İlhan · wall_segment Stone Wall x7 |
| 46:50 | C'è Linea · age_up imperial |
| 47:10 | İlhan · wall_segment Stone Wall x5 |
| 47:58 | Bud · wall_segment Stone Wall x9 |
| 49:09 | İlhan · wall_segment Stone Wall x9 |
| 49:19 | Bud · first_market_sell 100 wood |
| 49:40 | İlhan · wall_segment Stone Wall x12 |
| 52:26 | İlhan · first_building Stable |
| 59:51 | TotoSenpai95 · first_market_sell 100 wood |
| 61:43 | lorenzosantoro700 · wall_segment Stone Wall x9 |
| 61:44 | pedrollobo · first_building Archery Range |
| 63:41 | C'è Linea · first_market_sell 100 wood |
| 72:24 | pedrollobo · first_market_buy 100 stone |
| 79:58 | İlhan · first_market_buy 100 stone |
| 80:10 | İlhan · wall_segment Stone Wall x1 |
| 81:56 | BogDHy · first_building Siege Workshop |
| 86:33 | İlhan · wall_segment Stone Wall x9 |
| 87:13 | İlhan · wall_segment Stone Wall x1 |
| 96:06 | pedrollobo · first_market_sell 100 wood |
| 108:33 | C'è Linea · wall_segment Stone Wall x12 |
| 108:33 | TotoSenpai95 · wall_segment Stone Wall x7 |
| 113:12 | emirinz · wall_segment Stone Wall x8 |
| 114:02 | TotoSenpai95 · wall_segment Stone Wall x8 |
| 134:49 | BogDHy · tribute_sent a jugador 1 |
| 134:49 | BogDHy · tribute_sent a jugador 2 |
| 134:49 | BogDHy · tribute_sent a jugador 4 |
| 134:49 | BogDHy · tribute_sent a jugador 5 |
| 134:49 | BogDHy · tribute_sent a jugador 6 |
| 134:49 | BogDHy · tribute_sent a jugador 7 |
| 134:49 | BogDHy · tribute_sent a jugador 8 |
| 135:04 | emirinz · tribute_sent a jugador 2 |
| 135:04 | emirinz · tribute_sent a jugador 3 |
| 135:04 | emirinz · tribute_sent a jugador 4 |
| 135:04 | emirinz · tribute_sent a jugador 5 |
| 135:04 | emirinz · tribute_sent a jugador 6 |
| 135:04 | emirinz · tribute_sent a jugador 7 |
| 135:04 | emirinz · tribute_sent a jugador 8 |
| 138:21 | pedrollobo · resign |
| 151:55 | Bud · first_market_buy 100 stone |
[ AI ANALYSIS · 1 CREDIT ]
What really happened in this match?
Wolo.gg analyzes every decision: build order, eco, micro, common mistakes by bracket. Personalized analysis on WhatsApp or Discord in 30 seconds.
Civ guide
Portuguese
Map guide
Black Forest
Perfil
Pullo remember fish booming